 Dungeon Crawl Stone Soup version 0.29.0-4-gdea44cf6ec (webtiles) character file.

Game seed: 18232957079984159553

51 qw the Sneak (level 3, -7/23 HPs)
             Began as a Gargoyle Delver on Sept 10, 2022.
             Mangled by a yak (8 damage)
             ... on level 5 of the Dungeon.
             The game lasted 00:00:08 (587 turns).

qw the Sneak (Gargoyle Delver)                       Turns: 587, Time: 00:00:09

Health: -7/23      AC:  6    Str: 17    XL:     3   Next: 83%
Magic:  3/3        EV: 11    Int: 10    God:
Gold:   0          SH:  0    Dex: 11    Spells: 2/2 levels left

rFire   . . .      SeeInvis .   a - +0 hand axe
rCold   . . .      Faith    .   (no shield)
rNeg    + . .      Spirit   .   b - +0 leather armour
rPois   inf        Reflect  .   (no helmet)
rElec   +          Harm     .   (no cloak)
rCorr   .          Rampage  .   (no gloves)
Will    .....                   (no boots)
Stlth   +++.......              (no amulet)
HPRegen 0.07/turn               (no ring)
MPRegen 0.08/turn               (no ring)

@: no status effects
A: sickness immunity, AC +3, negative energy resistance 1, electricity
resistance, torment resistance 1, petrification resistance
a: no special abilities


You were on level 5 of the Dungeon.
You visited 1 branch of the dungeon, and saw 1 of its levels.


Innate Abilities, Weirdness & Mutations

You are immune to sickness and miasma.
Your stone body is resilient. (AC +3)
You are immune to poison.
You resist negative energy. (rN+)
You are resistant to electric shocks. (rElec)
You are resistant to unholy torment.
You are immune to petrification.


   Skills:
 - Level 3.2 Fighting
 + Level 3.6 Axes
 - Level 1.5 Dodging
 - Level 5.4 Stealth


You had 2 spell levels left.
You didn't know any spells.
Your spell library was empty.

Inventory:

Hand Weapons
 a - a +0 hand axe (weapon)
 k - a +0 flail
Armour
 b - a +0 leather armour (worn)
 j - a +0 chain mail
Wands
 g - a wand of digging (3)
Scrolls
 c - a scroll of fog
 d - a scroll of magic mapping
 e - a scroll of fear
 h - 3 scrolls of identify {unknown}
Potions
 f - a potion of haste
 i - 2 potions of mutation {unknown}

Dungeon Overview and Level Annotations

Branches:
Dungeon (5/15)
 Temple: D:4-7

Altars:


Message History

HP restored.
k - a +0 flail
Items here: % )) [[.
h - 3 scrolls labelled COLOX ZOXT (gained 1)
A yak comes into view.
569 ||| Stepping ~*~*~tactically~*~*~ (stealth).
Found a pair of gloves.
A yak comes into view.
570 ||| Stepping ~*~*~tactically~*~*~ (stealth).
A hound comes into view.
571 ||| Stepping ~*~*~tactically~*~*~ (stealth).
573 ||| Stepping ~*~*~tactically~*~*~ (stealth).
A yak comes into view.
574 ||| Stepping ~*~*~tactically~*~*~ (stealth).
A yak comes into view.
The yak bellows!
You hear a bellow!
You hear a shout! x2
575 ||| Stepping ~*~*~tactically~*~*~ (stealth).
579 ||| Stepping ~*~*~tactically~*~*~ (stealth).
581 ||| Stepping ~*~*~tactically~*~*~ (stealth).
You hit the yak.
The yak is lightly wounded.
The yak barely misses you.
You hit the yak but do no damage.
The yak is lightly wounded.
The yak gores you!
You hit the yak.
The yak is lightly wounded.
The yak gores you!
You hit the yak.
The yak is moderately wounded.
The yak barely misses you.
You hit the yak.
The yak is moderately wounded.
The yak gores you but does no damage.
The yak bellows!
You hit the yak but do no damage.
The yak is moderately wounded.
You hear a bellow!
You hear a bark!
You hear a shout!
The yak gores you!
You die... .Y... h.Y.Y

.Y... ..... #.#.#
#Y#.# # #$#.# ##
.#######Y#.#####. ..#
#.##..@YY......?. ..
#.##.###.#.######
#.###)##.# #.#.#
#...###.###.#.#
#.#.........#.##
#...###........######.
##### #######.........
##.###...$ #[# ..


You could see 3 yaks.

Vanquished Creatures
  An orc priest (D:5)
  An adder (D:5)
  An orc (D:5)
3 creatures vanquished.

Vanquished Creatures (others)
  An orc wizard (D:5)
1 creature vanquished.

Grand Total: 4 creatures vanquished

Notes
Turn   | Place    | Note
-------+----------+-------------------------------------------
     0 | D:5      | qw the Gargoyle Delver began the quest for the Orb.
     0 | D:5      | Reached XP level 1. HP: 14/14 MP: 1/1
     0 | D:5      | 0 ||| qw: Version: 0.1-a-116-g5d60599
     0 | D:5      | 0 ||| qw: Game counter: 7598
     0 | D:5      | 0 ||| qw: Always use a shield: true
     0 | D:5      | 0 ||| qw: God list: Okawaru
     0 | D:5      | 0 ||| qw: Allow faded altars: false
     0 | D:5      | 0 ||| qw: Do Orc after D:15 true
     0 | D:5      | 0 ||| qw: Do second Lair branch before Depths: true
     0 | D:5      | 0 ||| qw: Lair rune preference: random
     0 | D:5      | 0 ||| qw: Plans: Normal
     0 | D:5      | 0 ||| PLANNING D:1-11
    51 | D:5      | Noticed an orc wizard
    51 | D:5      | Noticed an orc priest
    52 | D:5      | 52 ||| Stepping ~*~*~tactically~*~*~ (hiding).
    69 | D:5      | Reached XP level 2. HP: 10/19 MP: 2/2
   211 | D:5      | 211 ||| Stepping ~*~*~tactically~*~*~ (hiding).
   329 | D:5      | Reached skill level 3 in Axes
   329 | D:5      | Reached XP level 3. HP: 12/23 MP: 3/3
   567 | D:5      | Noticed a yak
   569 | D:5      | 569 ||| Stepping ~*~*~tactically~*~*~ (stealth).
   569 | D:5      | Noticed a yak
   570 | D:5      | 570 ||| Stepping ~*~*~tactically~*~*~ (stealth).
   571 | D:5      | 571 ||| Stepping ~*~*~tactically~*~*~ (stealth).
   573 | D:5      | 573 ||| Stepping ~*~*~tactically~*~*~ (stealth).
   573 | D:5      | Noticed a yak
   574 | D:5      | 574 ||| Stepping ~*~*~tactically~*~*~ (stealth).
   574 | D:5      | Noticed a yak
   575 | D:5      | 575 ||| Stepping ~*~*~tactically~*~*~ (stealth).
   579 | D:5      | 579 ||| Stepping ~*~*~tactically~*~*~ (stealth).
   581 | D:5      | 581 ||| Stepping ~*~*~tactically~*~*~ (stealth).
   584 | D:5      | HP: 1/23 [yak (11)]
   587 | D:5      | Mangled by a yak

Levels and vault maps discovered:
D:5:      layout_loops_ring, uniq_eustachio, uniq_blork_the_orc

Skill      XL: |  1  2 |
---------------+-------+-----
Axes           | 2 3 |  3.6
Fighting       | |  3.2
Dodging        | |  1.5
Stealth        | |  5.4

Action                   || total
-------------------------++-------
Melee: Hand axe          ||    31
       Punch             ||     1
Armor: Leather armour    ||     9
Dodge: Dodged            ||    14

Table legend:
 A = Non-vault XP
 B = Vault XP
 C = Vault XP percentage of total XP
 D = Non-vault monster count
 E = Vault monster count
 F = Vault count percentage of total count
                 A         B        C        D         E       F
            +---------+---------+-------+---------+---------+-------
      Total |      74 |       0 |   0.0 |       4 |       0 |   0.0
            +---------+---------+-------+---------+---------+-------
        D:5 |      74 |       0 |   0.0 |       4 |       0 |   0.0
            +---------+---------+-------+---------+---------+-------
